Cogmind - Beta 13 X2 @@@ ROGUE MODE // 2023.12.23 @ 13:41:34 Player: Terminus Result: Destroyed by E7-ZUQ(R) with Subdweller Machine Gun Performance ------------- Evolutions (0) 0 Regions Visited (3) 600 Robots Destroyed (39) 195 Value Destroyed (1025) 1025 Prototype IDs (2) 40 Alien Tech Used (0) 0 Bonus (64) 64 TOTAL SCORE: 1924 Bonus ------- High Alert Combat Kills 22 Follower Combat Kills 42 Cogmind --------- Core Integrity 0/250 Matter 267/300 Energy 150/150 System Corruption 4% Temperature Cool (0) Movement Rolling (125) Ox3 Location -10/Subcaves Parts ------- > --- POWER (1) -------- Light Angular Momentum Engine > --- PROPULSION (2) --- Wheel > --- UTILITY (2) ------ Scrap Shield > --- WEAPON (2) ------- Beamcaster (fused) Subdweller Machine Gun > --- INVENTORY (5) ---- Spiked Treads Beam Cannon Battle Rifle Peak State ------------ > --- POWER ------------ Light Angular Momentum Engine > --- PROPULSION ------- Light Treads Wheel > --- UTILITY ---------- Scrap Shield > --- WEAPON ----------- Beamcaster Subdweller Machine Gun > --- INVENTORY -------- Beam Cannon Battle Rifle Multitool [Rating: 18] Favorites ----------- Power Ion Engine Engine Ion Engine Propulsion Light Treads Treads Light Treads Wheel Compact Wheel Utility Scrap Shield Device Heat Sink Storage High-capacity Storage Unit Protection Scrap Shield Weapon Assault Rifle Energy Gun Beamcaster Energy Cannon Beam Cannon Ballistic Gun Assault Rifle Build | -11 -10 -10 -10 ------- Run | Yrd Mat Min Sub Slots Evolved . | . . . . Power . | . . . . Propulsion . | . . . . Utility . | . . . . Weapon . | . . . . Parts Attached 35 | 6 15 2 12 Power 9 | 1 4 1 3 Engine 9 | 1 4 1 3 Core . | . . . . Reactor . | . . . . Propulsion 7 | 2 2 1 2 Treads 3 | 1 1 . 1 Leg . | . . . . Wheel 4 | 1 1 1 1 Hover . | . . . . Flight . | . . . . Utility 10 | 1 6 . 3 Device 4 | . 3 . 1 Storage 3 | 1 2 . . Processor . | . . . . Hackware . | . . . . Protection 3 | . 1 . 2 Artifact . | . . . . Weapon 9 | 2 3 . 4 Energy Gun 3 | . 2 . 1 Energy Cannon 1 | . 1 . . Ballistic Gun 5 | 2 . . 3 Ballistic Cannon . | . . . . Launcher . | . . . . Special Weapon . | . . . . Impact Weapon . | . . . . Slashing Weapon . | . . . . Piercing Weapon . | . . . . Special Melee Weapon . | . . . . Unidentified Prototypes . | . . . . Parts Lost 11 | . 3 1 7 Power 2 | . 1 . 1 Propulsion 5 | . 1 1 3 Utility 2 | . 1 . 1 Weapon 2 | . . . 2 Highest Loss Streak 3 | . 2 1 3 To Critical Strikes . | . . . . Average Slot Usage (%) 93 | . 98 99 85 Engine 13 | . 13 14 13 Treads 13 | . 13 14 13 Wheel 13 | . 14 13 13 Device 4 | . 10 . . Storage 8 | . 14 14 1 Protection 9 | . 2 14 13 Energy Gun 6 | . 8 . 7 Energy Cannon 6 | . 3 14 6 Ballistic Gun 15 | . 16 14 13 Naked Turns . | . . . . Heaviest Build 53 | 11 53 53 53 Greatest Support 20 | 16 16 16 20 Greatest Overweight (x) 5 | . 3 5 5 Average Overweight (x) 2 | . 1 3 2 Largest Inventory Capacity 20 | 8 20 20 20 Average Capacity 11 | 7 13 20 6 Most Carried 18 | 4 14 18 18 Average Carried 8 | 2 9 16 5 Final Capacity 20 | 8 20 20 5 Final Carried 18 | 4 14 18 3 Class Distribution -------------------- 70% | Mutant 29% | Subdweller-Mutant Dominant Class ---------------- Mutant | -10/Materials Mutant | -10/Mines Subdweller-Mutant | -10/Subcaves Resources | -11 -10 -10 -10 ----------- Run | Yrd Mat Min Sub Matter Collected 898 | 221 446 54 177 Remotely . | . . . . Salvage Created 1331 | . 895 76 360 Parts 95 | . 65 5 25 Haulers Intercepted 1 | . 1 . . Recyclers Shooed 5 | . 4 1 . Parts Field Recycled . | . . . . Retrieved Matter . | . . . . Parts Self-Destructed 1 | . . . 1 Prevented . | . . . . Kills | -11 -10 -10 -10 ------- Run | Yrd Mat Min Sub Combat Hostiles Destroyed 32 | . 21 3 8 Guns 25 | . 21 . 4 Cannons 7 | . . 3 4 Classes Destroyed 10 | . 7 . 3 Worker 1 | . 1 . . Hauler 1 | . 1 . . Recycler 2 | . 2 . . Operator 1 | . 1 . . Watcher 2 | . 2 . . Swarmer 8 | . 6 2 . Grunt 16 | . 15 1 . Sentry 1 | . . . 1 Artisan 1 | . . . 1 Subdweller 7 | . . . 7 Best Kill Streak 11 | . 11 2 2 Combat Bots Only 6 | . 6 2 2 Max Kills in Single Turn 1 | . 1 1 1 Gunslinging . | . . . . Exploded . | . . . . Melee . | . . . . Uniques/NPCs Destroyed . | . . . . Combat | -11 -10 -10 -10 -------- Run | Yrd Mat Min Sub Hostile Shots Fired 168 | . 71 10 87 Missed 36 | . 14 2 20 Damage Taken 2106 | . 640 62 1404 Core 257 | . 134 7 116 Absorbed by Shields . | . . . . Regen/Repaired (Parts) 133 | . 133 . . Core Remaining (%) 100 | 100 . . . Volleys Fired 150 | . 93 9 48 Largest 2 | . 2 1 2 Hottest 105 | . 70 60 105 Shots Fired 275 | . 177 10 88 Gun 224 | . 166 . 58 Cannon 51 | . 11 10 30 Launcher . | . . . . Special . | . . . . Kinetic 143 | . 100 . 43 Thermal 132 | . 77 10 45 Explosive . | . . . . Electromagnetic . | . . . . Robot Hit Streak 34 | . 12 1 34 Robot Miss Streak 4 | . 4 2 1 Penetration Max . | . . . . Secondary Targets 3 | . 3 . . Max Gunslinging Chain 1 | . 1 . . Shots Hit Robots 196 | . 116 4 76 Core Hits 72 | . 48 3 21 Critical Kills 1 | . 1 . . Critical Parts Destroyed 3 | . 2 . 1 Critical Strikes 13 | . 10 . 3 Burn 9 | . 7 . 2 Destroy 4 | . 3 . 1 Melee Attacks . | . . . . Impact . | . . . . Slashing . | . . . . Piercing . | . . . . Sneak Attacks . | . . . . Combat Hostiles . | . . . . Follow-up Attacks . | . . . . Damage Inflicted 2883 | . 1485 73 1325 Guns 2205 | . 1341 . 864 Cannons 671 | . 142 73 456 Explosions . | . . . . Melee . | . . . . Ramming 7 | . 2 . 5 Kinetic 1456 | . 884 . 572 Thermal 1420 | . 599 73 748 Explosive . | . . . . Electromagnetic . | . . . . Impact . | . . . . Slashing . | . . . . Piercing . | . . . . Highest Corruption 4 | . 4 4 4 Average Corruption 3 | . 3 4 4 Corruption Purged . | . . . . Corruption Blocked . | . . . . Effects 45 | . 5 11 29 Message Errors 11 | . 1 . 10 Matter Fused 9 | . 1 4 4 Heat Flow Errors 5 | . . 3 2 Energy Discharges 8 | . . 1 7 Parts Fused 2 | . . . 2 Data Loss (minor) 4 | . 1 1 2 Data Loss (major) 4 | . 1 1 2 Misfires 2 | . 1 1 . Overload Shots . | . . . . Overflow Damage . | . . . . Projectiles . | . . . . Explosions . | . . . . Melee . | . . . . Knockbacks 1 | . . . 1 Impact 1 | . . . 1 Kinetic . | . . . . Secondary . | . . . . Self-Inflicted Damage 2 | . . . 2 Shots . | . . . . Rammed 2 | . 1 . 1 Targets Rammed 2 | . 1 . 1 Kicked . | . . . . Crushed . | . . . . Highest Temperature 280 | . 33 280 216 Average Temperature 46 | . 11 87 16 Received Heat Transfer 489 | . 300 . 189 Siege Activations . | . . . . Robots Corrupted . | . . . . Combat Hostiles . | . . . . Parts Fried . | . . . . Impact Corruptions . | . . . . Robots Melted . | . . . . Combat Hostiles . | . . . . Parts Melted 6 | . 4 1 1 Heat Transferred 3811 | . 2109 148 1554 Parts Sabotaged . | . . . . Parts Stolen . | . . . . Parts Stripped . | . . . . Power Chain Reactions . | . . . . Missiles Intercepted . | . . . . Alert | -11 -10 -10 -10 ------- Run | Yrd Mat Min Sub Peak Influence 480 | . 480 180 . Initial 105 | . . 105 . Average 231 | . 293 93 . Maximum Alert Level 2 | . 2 . . Low Security (%) 41 | 100 17 100 . Level 1 54 | . 77 . . Level 2 3 | . 4 . . Level 3 . | . . . . Level 4 . | . . . . Level 5 . | . . . . High Security . | . . . . Max Security . | . . . . Squads Dispatched 6 | . 6 . . Investigation 4 | . 4 . . Extermination . | . . . . Reinforcement 2 | . 2 . . Assault . | . . . . Garrison . | . . . . Intercept . | . . . . Searches Triggered . | . . . . Construction Impeded . | . . . . Haulers Reinforced . | . . . . Active Scanning Responses . | . . . . Cargo Convoy Interrupts . | . . . . Stealth | -11 -10 -10 -10 --------- Run | Yrd Mat Min Sub Distress Signals 4 | . 4 . . Communications Jammed . | . . . . Distress Signals . | . . . . Times Spotted 48 | . 31 5 12 Peak Tracking Total 4 | . 4 3 3 Tactical Retreats 4 | . 4 . . Traps | -11 -10 -10 -10 ------- Run | Yrd Mat Min Sub Traps Triggered 5 | . 5 . . Indirectly . | . . . . Trap Hack Attempts . | . . . . Triggered . | . . . . Disarmed . | . . . . Reprogrammed . | . . . . Reused . | . . . . Traps Extracted . | . . . . Installed . | . . . . Triggered . | . . . . Machines | -11 -10 -10 -10 ---------- Run | Yrd Mat Min Sub Machines Disabled . | . . . . Max in Single Turn . | . . . . Machines Repaired . | . . . . Machines Dismantled . | . . . . Machines Sabotaged . | . . . . Overloaded Fab Kills . | . . . . Hacking | -11 -10 -10 -10 --------- Run | Yrd Mat Min Sub Machines Accessed 8 | . 7 1 . Terminals 6 | . 5 1 . Fabricators . | . . . . Repair Stations 1 | . 1 . . Recycling Units 1 | . 1 . . Scanalyzers . | . . . . Garrison Access . | . . . . Total Hacks 20 | . 19 1 . Successful 13 | . 13 . . Failed 7 | . 6 1 . Catastrophic . | . . . . Database Lockouts . | . . . . Manual 15 | . 14 1 . Terminals 17 | . 16 1 . Fabricators . | . . . . Repair Stations 2 | . 2 . . Recycling Units 1 | . 1 . . Scanalyzers . | . . . . Garrison Access . | . . . . Terminal Hacks 7 | . 7 . . Robot Analysis 4 | . 4 . . Prototype ID Bank 1 | . 1 . . Terminal Index 1 | . 1 . . Zone Layout 1 | . 1 . . Fabricator Hacks . | . . . . Repair Station Hacks 2 | . 2 . . Scan Component 1 | . 1 . . Repair 1 | . 1 . . Recycling Unit Hacks . | . . . . Scanalyzer . | . . . . Garrison Access Hacks . | . . . . Unauthorized Hacks 4 | . 4 . . Terminals 3 | . 3 . . Botnet 3 | . 3 . . Fabricators . | . . . . Repair Stations . | . . . . Recycling Units 1 | . 1 . . Tunnel 1 | . 1 . . Scanalyzers . | . . . . Garrison Access . | . . . . Data Cores Recovered . | . . . . Used . | . . . . Hacking Detections 7 | . 6 1 . Full Trace Events 2 | . 2 . . Feedback Events . | . . . . Feedback Blocked . | . . . . Robot Schematics Acquired . | . . . . Robots Built . | . . . . Authchips . | . . . . Time . | . . . . Total Robot Build Rating . | . . . . Part Schematics Acquired . | . . . . Parts Built . | . . . . Authchips . | . . . . Time . | . . . . Total Part Build Rating . | . . . . Parts Repaired 1 | . 1 . . Time 26 | . 26 . . Parts Recycled . | . . . . Recycled Matter . | . . . . Retrieved Matter . | . . . . Retrieved Components . | . . . . Parts Scanalyzed . | . . . . Part Schematics Acquired . | . . . . Parts Damaged . | . . . . Bothacking | -11 -10 -10 -10 ------------ Run | Yrd Mat Min Sub Used RIF Installer . | . . . . Robots Hacked . | . . . . Non-combat . | . . . . Combat . | . . . . Robot Hacks Applied . | . . . . Relay Couplers Released . | . . . . Fabnet Peak Effective % . | . . . . Robots Rewired . | . . . . Allies Hacked . | . . . . Hacks Repelled . | . . . . Allies | -11 -10 -10 -10 -------- Run | Yrd Mat Min Sub Total Allies 2 | . . 2 . Largest Group 2 | . . 2 . Highest-Rated Group 41 | . . 41 . Highest-Rated Ally 31 | . . 31 . Total Orders . | . . . . Ally Attacks 9 | . . 9 . Total Damage 103 | . . 103 . Kills 2 | . . 2 . Allies Corrupted . | . . . . Allies Melted . | . . . . Intel | -11 -10 -10 -10 ------- Run | Yrd Mat Min Sub Robot Analysis Total 4 | . 4 . . Derelict Logs Recovered 2 | . . 1 1 Drone Launches . | . . . . Drone Recoveries . | . . . . Exploration | -11 -10 -10 -10 ------------- Run | Yrd Mat Min Sub Turns Passed 3555 | 72 1436 524 1523 Spaces Moved 2039 | 62 694 301 982 Core 5 | 5 . . . Treads 2 | . . . 2 Legs . | . . . . Wheels 2032 | 57 694 301 980 Hover . | . . . . Flight . | . . . . Fastest Speed 50 | 50 100 145 95 Average Speed 125 | 95 124 148 120 Slowest Speed 240 | 100 145 155 240 Overloaded Moves . | . . . . Propulsion Burnouts . | . . . . Robots Hopped . | . . . . Cave-ins Triggered . | . . . . Exploration Rate (%) 53 | 4 96 67 45 Regions Visited 3 Branch Regions 2 Pre-discovered Areas 1 | . 1 . . Known Exits Taken . | . . . . Unknown Exits Taken 3 | 1 1 1 . Scrap Searched 1 | . . 1 . Spaces Dug . | . . . . Terrain Destroyed . | . . . . Melee . | . . . . Projectile . | . . . . AOE . | . . . . Terrain Rammed . | . . . . Walls Destroyed . | . . . . Machines Disabled . | . . . . Actions | -11 -10 -10 -10 --------- Run | Yrd Mat Min Sub Total 2781 | 72 1097 370 1242 Wait 485 | . 271 55 159 Move 2036 | 61 693 300 982 Hop . | . . . . Pick Up 37 | 5 15 4 13 Fast Attach 15 | 5 5 . 5 Attach 9 | 1 2 1 5 Detach . | . . . . Swap 11 | . 8 1 2 Drop 26 | . 9 . 17 Fire 150 | . 93 9 48 Melee . | . . . . Ram 1 | . . . 1 Kick . | . . . . Crush 1 | . 1 . . Escape Stasis . | . . . . Rewire . | . . . . Trap . | . . . . Miscellaneous 10 | . . . 10 Route ------- -11/Scrapyard -10/Materials (discovered 5 exits: [*Mat x3] / *Min x2) -10/Mines (discovered 3 exits: [*Mat x2] / [*Sub]) -10/Subcaves (discovered 1 exit: Rec) History --------- Turn | Location | Event 40 | -11/Scrapyard | Discovered new exit (range 16) 73 | -11/Scrapyard | Entered Materials 310 | -10/Materials | Build established: Mutant 522 | -10/Materials | Discovered new exit (range 14) 561 | -10/Materials | Discovered new exit (range 6) 840 | -10/Materials | Discovered new exit (range 12) 937 | -10/Materials | Core integrity fell below 50% 1129 | -10/Materials | Repaired Lgt. Treads 1322 | -10/Materials | Discovered new exit (range 5) 1396 | -10/Materials | Discovered new exit (range 16) 1509 | -10/Materials | Entered Mines 1646 | -10/Mines | Found a damaged Exp. Sensor Array with a note attached 1649 | -10/Mines | Found Prototype Device 1676 | -10/Mines | Discovered new exit (range 5) 1969 | -10/Mines | Discovered new exit (range 15) 2017 | -10/Mines | Discovered new exit (range 4) 2033 | -10/Mines | Entered Subcaves 2034 | -10/Subcaves | Identified exit to Recycling 2197 | -10/Subcaves | Lost 3 parts (1n1u1w) 2528 | -10/Subcaves | Build established: Subdweller-Mutant 2810 | -10/Subcaves | A Subdweller sparked back to life 2810 | -10/Subcaves | A Subdweller sparked back to life 2810 | -10/Subcaves | A Subdweller sparked back to life 2857 | -10/Subcaves | Core integrity fell below 20% 2871 | -10/Subcaves | Found Prototype Leg 3556 | -10/Subcaves | Destroyed by E7-ZUQ(R) with Subdweller Machine Gun Last Messages --------------- 03286_ System corrupted: Lgt. Treads fused. 03323_ RMLE1IEP0<:DZBI VV61GMQJ4 GZM U HF 03323_ Acquired Spk. Treads. 03332_ Acquired 12 matter. 03357_ Acquired derelict log, extracted data. Data stored: Storage entrances (x1). 03414_ Slammed into Q8-A5K(O). 03414_ Q8-A5K(O) knocked back. 03452_ System corrupted: Substantial component data lost. 03476_ K L VWP0MDJH83<4DMW5N WE%LLXCK 03512_ Acquired Scrap Shield Fragment. 03515_ Dropped Multitool. 03516_ Acquired Scrap Shield Fragment. 03540_ Dropped Scrap Shield Fragment. 03544_ 75-JVB(R): "WEHOME!" 03548_ TD-MO4(R) suffers critical hit (Burn). 03551_ Scrap Shield Fragment affixed to Scrap Shield (+38). 03554_ Lgt. Treads destroyed. 03555_ Dropped Scrap Shield Fragment. 03555_ Scrap Shield Fragment affixed to Scrap Shield (+46). Map ----- +----------------------------------------------------+ | ??????????????????????????# ## ##??????????????? | | ?????????????????????????# ## #???????????????? | | ?????????????????????????# ### ##??????????????? | | ?????????????????????????###??## #??????????????? | | ??????????????????????????????# #??????????????? | | ??????????????????????????????# #??????????????? | | ??????????????????????????????# #??????????????? | | ??????????????????????????????## ###?????????????? | | ??????????????????????????????# ###???????????? | | ??????????????????????????????## ##??????????? | | ??????????????????????????????# #??????????? | | ??????????????????????????????##### ##??????????? | | ???????????###???????????###?????# #??????????? | | ????????### ##?????????## #?????## #??????????? | | ????????# #?????????# ##?????#* ##??????????? | | ????????# #??#####??# #????## #??????????? | | ???????## #?# #??# #?#### #??????????? | | ??????## ## #??## ### #??????????? | | ??????# #???# ## ## #??????????? | | ?????## % #???# # ### #??????????? | | ?????# [ #??## # ### ##??????????? | | ????### #?#### # #???????????? | | ? ""# #### ## #???????????? | | ?""""" #?# RR #### #???????????? | | """ ##%* ####?# R #??# ##??????????? | | ????## #####* ####@ #??#### ##?????????? | | ??????#""" ## ####??# #?????????? | | ??????# " ## ##?## #?????????? | | ??????# "" # # ## ## ##?## ##?????????? | | ??????#"""""########## #??###??????????? | | ?????# " " ##?????### &##??????????????? | | ?????#""####??????# [#??????????????? | | ?????###??????????## [[!##?????????????? | | ???????????????????####### ##[|! !#?????????????? | | ?????????????????????????# #### *!=##????????????? | | ?????????????????????#???###??## =![##???????????? | | ??????????????????? ##???#####!!*[ #???????????? | | ???????????????? #?## [ #???????????? | | ??????????????? ?# ##???????????? | | ???????????????? ?# ##????????????? | | ????????????????? #?## ####?????????????? | | ?????????????????# #??## ######???????????? | | ?????????????????# #???# ## ##??????????? | | ?????????????##### #???# %##?????????? | | ?????????????# #???# #?????????? | | ?????????????# ##??# #?????????? | | ?????????????# #?## #?????????? | | ????????????## ### ## #?????????? | | ????????????# ## #### #?????????? | | ????????????????# ##??# ##?????????? | +----------------------------------------------------+ Best States ------------- Heat Dissipation 35 Energy Generation 18 Energy Capacity 250 Matter Stores 300 Matter Capacity 300 Sight Range 16 Terrain Scan Density 10 Armor Coverage 800 Evasion (%) 41 Recoil Reduction 1 Item Schematics ----------------- None Robot Schematics ------------------ None Fabricated ------------ Nothing Alien Tech Used ----------------- None Achievements -------------- None Challenges ------------ None Game ------ Seed CoolantStructuralCharge Manual? 0 Play Time 00:18:58 Cumulative 1852.3 hours Start 2023.12.23 @ 13:25:06 End 2023.12.23 @ 13:41:34 Sessions 1 Manual Loads 0 Difficulty Rogue Special Mode None Game No. 649 Rogue 649 Adventurer 0 Explorer 0 Win Type - Total 144 Types 29/13/64/7/1/2/26/1/1 Lore% 95 Gallery% 96 Achievement% 88 Wizard Run 0 Options --------- ASCII 0 Keyboard 0 Movement Numpad Keybinds 0 Fullscreen 2 Font 18/SmallcapsGlow Map View 76x50 Zoom Use 0% Tactical HUD 1 Map Filters NONE Filters NONE Steam 1 RUN: e97c7d64-e9d2-4676-9d0c-17d0b3867504